 Seeded DCSS version 0.30.1-9-gdf580d7c3d (webtiles) character file.

Game seed: 6351066067085065685 (custom seed)

23 Esekla the Magician (level 2, -5/15 HPs)
             Began as a Deep Elf Wanderer on Oct 18, 2023.
             Was an Initiate of Vehumet.
             Slain by an iguana (6 damage)
             ... on level 5 of the Dungeon.
             The game lasted 00:16:10 (1699 turns).

Esekla the Magician (Deep Elf Wanderer)             Turns: 1699, Time: 00:16:10

Health: -5/15      AC:  4    Str: 11    XL:     2   Next: 75%
Magic:  2/10       EV: 11    Int: 17    God:    Vehumet [......]
Gold:   215        SH:  4    Dex: 14    Spells: 7/11 levels left

rFire   . . .        s - +5 rapier of the Hero {heavy, rN+ Dex+3}
rCold   . . .        d - +0 buckler
rNeg    + . .        c - +0 robe
rPois   .            l - +0 helmet
rElec   .            (no cloak)
rCorr   .            k - +0 pair of gloves
SInv    .            (no boots)
Will    .....        (no amulet)
Stlth   ++           (no ring)
HPRegen 0.22/turn    (no ring)
MPRegen 0.12/turn

%: no passive effects
@: very slightly contaminated
A: no striking features
a: Renounce Religion


You were on level 5 of the Dungeon.
You worshipped Vehumet.
Vehumet was noncommittal.
You visited 1 branch of the dungeon, and saw 5 of its levels.

You collected 215 gold pieces.

Inventory:

Hand Weapons
 a - a +1 short sword of freezing
 s - the +5 rapier of the Hero (weapon) {heavy, rN+ Dex+3}
   (You found it on level 3 of the Dungeon)

   Dex:       It affects your dexterity (+3).
   rN:        It protects you from negative energy.
Armour
 c - a +0 robe (worn)
 d - a +0 buckler (worn)
 k - a +0 pair of gloves (worn)
 l - a +0 helmet (worn)
Jewellery
 w - an amulet of magic regeneration
Wands
 i - a wand of roots (7)
Scrolls
 g - 3 scrolls of identify {unknown}
 n - a scroll of enchant armour {unknown}
 p - a scroll of immolation {unknown}
 q - a scroll of amnesia {unknown}
 r - 2 scrolls of enchant weapon {unknown}
 t - a scroll of silence {unknown}
 u - a scroll of magic mapping {unknown}
Potions
 b - 2 potions of lignification
 e - a potion of ambrosia {unknown}
 f - 2 potions of attraction {unknown}
 h - a potion of heal wounds {unknown}
 j - a potion of curing
 m - a potion of mutation {unknown}
 o - a potion of haste {unknown}
 v - a potion of brilliance {unknown}


   Skills:
 * Level 0.4 Dodging
 + Level 1.5 Stealth
 + Level 1.5 Shields
 * Level 5.0 Spellcasting
 * Level 1.4 Necromancy
 + Level 2.3 Translocations
 + Level 1.0 Invocations


You had 7 spell levels left.
You knew the following spells:

 Your Spells              Type           Power      Damage    Failure   Level
a - Magic Dart            Conj           16%        1d3       21%         1
b - Blink                 Tloc           24%        N/A       12%         2
p - Apportation           Tloc           24%        N/A       8%          1

Your spell library contained the following spells:

 Spells                   Type           Power      Damage    Failure   Level
 Lesser Beckoning         Tloc           24%        N/A       12%         2
 Vampiric Draining        Necr           9%         2d6       34%         3
 Ignite Poison            Fire/Tmut/Pois 4%         N/A       52%         3
 Spider Form              Tmut/Pois      4%         N/A       52%         3
 Cause Fear               Hex            2%         N/A       90%         4
 Summon Mana Viper        Hex/Summ       4%         N/A       99%         5


Dungeon Overview and Level Annotations

Branches:
Dungeon (5/15)
 Temple: D:4-7

Altars:
Dithmenos
Okawaru
Vehumet
Zin

Shops:
D:2 =   D:4 (


Message History

The iguana is moderately wounded.
The grasping roots constrict the iguana.
The iguana escapes!
Aiming: Fastroot
Press: ? - help, Shift-Dir - straight line, f/p - iguana
Aim: an iguana (moderately wounded)
The roots erupt in riotous growth!
Roots grab the iguana.
The grasping roots constrict the iguana.
The iguana struggles to escape constriction.
Casting: Magic Dart (safe; 21% risk of failure)
Confirm with . or Enter, or press ? or * to list all spells.
Aiming: Magic Dart (safe; 21% risk of failure)
Press: ? - help, Shift-Dir - straight line, f/p - iguana
Aim: an iguana (heavily wounded, constricted by roots, 100% to hit)
The magic dart hits the iguana but does no damage.
The iguana is heavily wounded.
The grasping roots constrict the iguana.
The roots release their grip on the iguana.
Casting: Magic Dart (safe; 21% risk of failure)
Confirm with . or Enter, or press ? or * to list all spells.
Aiming: Magic Dart (safe; 21% risk of failure)
Press: ? - help, Shift-Dir - straight line, f/p - iguana
Aim: an iguana (almost dead, 100% to hit)
You miscast Magic Dart.
You are very lightly contaminated with residual magic.
Nothing appears to happen.
You hit the iguana.
The iguana is almost dead.
The iguana bites you.
You hit the iguana but do no damage.
The iguana is almost dead.
The iguana closely misses you. You block the iguana's attack.
You closely miss the iguana.
The iguana is almost dead.
The iguana bites you!
Ouch! That really hurt!
* * * LOW HITPOINT WARNING * * *
The iguana bites you.
You die...

....l #.#.#
##.#.#############
#............)...#
##.#############.#
#.# #.# #.# #.#
#l# #.# ##@####
#.# #...).# #.#
#.....# #.#
#..⌠..## #.#
#......# #.#
#......# #.#
#......# #.#
###...## #.# ##.##
#.#


You could see an iguana.

Vanquished Creatures
  An adder (D:5)
  An orc (D:5)
  An endoplasm (D:3)
  3 goblins
  2 hobgoblins (D:3)
  A ball python (D:3)
  2 bats (D:3)
  A frilled lizard (D:3)
  2 kobolds
14 creatures vanquished.

Notes
Turn   | Place    | Note
-------+----------+-------------------------------------------
     0 | D:1      | Esekla the Deep Elf Wanderer began the quest for the Orb.
     0 | D:1      | Esekla set off with the following items: a +0 club, a
                  | potion of lignification, a +0 robe, a +0 buckler; and the
                  | following spells available to memorise: Apportation, Blink,
                  | Lesser Beckoning, Magic Dart, Ignite Poison, Vampiric
                  | Draining.
     0 | D:1      | Reached XP level 1. HP: 10/10 MP: 7/7
     2 | D:1      | Learned a level 1 spell: Magic Dart
     4 | D:1      | Learned a level 1 spell: Apportation
   252 | D:2      | Found Renulab's Jewellery Shop.
   409 | D:4      | Found a radiant altar of Vehumet.
   417 | D:4      | Found an iron altar of Okawaru.
   428 | D:4      | Found a glowing silver altar of Zin.
   509 | D:4      | Became a worshipper of Vehumet
   648 | D:3      | Reached skill level 1 in Necromancy
   873 | D:2      | Noticed a black bear
   954 | D:2      | Reached XP level 2. HP: 13/15 MP: 4/9
   957 | D:2      | Learned a level 2 spell: Blink
  1075 | D:3      | Identified the +5 rapier of the Hero {heavy, rN+ Dex+3}
  1358 | D:4      | Found Ponaysk's Antique Weapon Boutique.
  1523 | D:5      | Entered Level 5 of the Dungeon
  1526 | D:5      | Got the Parchment of the Lumpy Olives
  1557 | D:5      | Found a shadowy altar of Dithmenos.
  1604 | D:5      | Reached skill level 5 in Spellcasting
  1699 | D:5      | Slain by an iguana

Illustrated notes

Levels and vault maps discovered:
D:1:      sevenhm_arrival_forest_fort_small_3, layout_rooms,
          chequers_serial_rivers_room_b, minmay_misc_feat_five
D:2:      layout_loops_ring, dreamdust_ecumenical_altar_angels_and_demons,
          serial_shops, shop
D:3:      layout_basic, grunt_temple_overflow_open, minmay_misc_feat_iff
D:4:      layout_basic, nicolae_overflow_quartered_altars, serial_shops,
          nicolae_diamond_shop
D:5:      layout_loops_ring, lemuel_doored_altar, minmay_misc_feat_rows,
          dreamdust_wishing_well

Skill      XL: |  1  2 |
---------------+-------+-----
Necromancy     | 1 |  1.4
Spellcasting   | 5 |  5.0
Dodging        | |  0.4
Stealth        | |  1.5
Shields        | |  1.5
Translocations | |  2.3
Invocations    | |  1.0

Action                     || total
---------------------------++-------
  Melee: Short sword       ||    35
         Rapier            ||     4
   Cast: Apportation       ||    30
         Magic Dart        ||    22
  Evoke: Wand              ||     2
    Use: Scroll            ||     1
         Potion            ||     1
   Stab: Sleeping          ||     3
 Armour: Robe              ||    14
  Dodge: Dodged            ||    20
  Block: Buckler           ||     9
